 Dungeon Crawl Stone Soup version 0.21.0-25-ge575cb9ce8 (webtiles) character file.

13810 MalkierKing the Blocker (level 11, -2/148 HPs)
             Began as a Minotaur Fighter on Jan 25, 2018.
             Was a High Priest of Makhleb.
             Slain by Rupert
             ... wielding a +0 battleaxe of freezing
              (26 damage)
             ... on level 12 of the Dungeon on Jan 26, 2018.
             The game lasted 00:55:27 (11813 turns).

MalkierKing the Blocker (Minotaur Fighter)         Turns: 11813, Time: 00:55:27

Health: -2/148     AC: 25    Str: 24    XL:     11   Next: 80%
Magic:  11/11      EV:  2    Int:  5    God:    Makhleb [*****.]
Gold:   892        SH: 13    Dex: 10    Spells: 10/10 levels left

rFire    + . .     SeeInvis .   b - +8 trident of Eternal Vigilance {pain, rF+ rC++}
rCold    + + .     Gourm    .   c - +0 shield
rNeg     + + +     Faith    .   (armour currently unavailable)
rPois    +         Spirit   .   (helmet currently unavailable)
rElec    .         Reflect  .   (cloak currently unavailable)
rCorr    +         Harm     +   (gloves currently unavailable)
MR       .....     NoTele   +   (boots currently unavailable)
Stlth    +.........             u - amulet of harm
HPRegen  0.34/turn              h - ring of resist corrosion
MPRegen  0.12/turn              (no ring)

@: tree-form
A: (retaliatory headbutt)
a: Minor Destruction, Lesser Servant of Makhleb, Major Destruction, Greater
Servant of Makhleb, Renounce Religion


You were on level 12 of the Dungeon.
You worshipped Makhleb.
Makhleb was extremely pleased with you.
You were hungry.
You were a tree.
You visited 2 branches of the dungeon, and saw 13 of its levels.
You also visited: Sewer, Ossuary and Bailey.

You collected 892 gold pieces.

Inventory:

Hand Weapons
 a - a +0 war axe
 b - the +8 trident of Eternal Vigilance (weapon) {pain, rF+ rC++}
   (You found it on level 5 of the Dungeon)

   In the hands of one skilled in necromantic magic, it inflicts extra damage on
   living creatures.
   It protects you from fire.
   It greatly protects you from cold.
Missiles
 E - 3 javelins (quivered)
 L - 22 javelins of returning
Armour
 c - a +0 shield (worn)
 G - a +0 pair of gloves (melded)
 T - a +2 plate armour of magic resistance (melded)
 U - a +2 cloak of poison resistance (melded)
Jewellery
 h - a ring of resist corrosion (left branch)
 u - an amulet of harm (around neck)
 K - the amulet "Haomet" {RegenMP Str+8 Int-5}
   (You found it in a bailey)

   [amulet of magic regeneration]

   It increases your magic regeneration.
   It affects your strength (+8).
   It affects your intelligence (-5).
 O - an uncursed ring of ice
Wands
 l - a wand of scattershot (11)
 v - a wand of iceblast (12)
 H - a wand of disintegration (7)
 M - a wand of random effects (33)
 N - a wand of enslavement (24)
 S - a wand of digging (13)
Scrolls
 g - 2 scrolls of remove curse
 j - 3 scrolls of teleportation
 k - 2 scrolls of holy word {unknown}
 m - a scroll of magic mapping {unknown}
 n - 2 scrolls of identify
 o - 3 scrolls of enchant weapon
 q - 2 scrolls of fear {unknown}
 s - 2 scrolls of enchant armour {unknown}
 y - 2 scrolls of noise {unknown}
 B - a scroll of silence {unknown}
 C - 5 scrolls of amnesia
 D - a scroll of summoning {unknown}
Potions
 d - 7 potions of might
 e - 2 potions of haste {unknown}
 i - 8 potions of curing
 p - 4 potions of brilliance
 t - a potion of mutation {unknown}
 w - a potion of invisibility {unknown}
 x - 3 potions of cancellation {unknown}
 z - 2 potions of agility {unknown}
 A - 4 potions of lignification
 F - a potion of flight {unknown}
 P - a potion of degeneration {unknown}
 R - a potion of experience {unknown}
Books
 J - a book of Air

   Spells                             Type                      Level
   a - Shock                          Conjuration/Air              1
   b - Swiftness                      Charms/Air                   2
   c - Static Discharge               Conjuration/Air              3
   d - Airstrike                      Air                          4
   e - Lightning Bolt                 Conjuration/Air              5
Miscellaneous
 I - a box of beasts
 Q - a phantom mirror
Comestibles
 f - 26 rations
 r - 2 chunks of flesh


   Skills:
 + Level 10.0 Fighting
 * Level 11.8 Axes
 + Level 11.7 Armour
 + Level 4.9 Dodging
 + Level 11.9 Shields
 * Level 2.3 Invocations


You had 10 spell levels left.
You didn't know any spells.

Dungeon Overview and Level Annotations

Branches:
Dungeon (12/15)            Temple (1/1) D:4            Lair (0/6) D:9
    Orc (0/2) D:10

Altars:
Ashenzari
Cheibriados
Dithmenos
Elyvilon
Fedhas
Gozag
Hepliaklqana
Kikubaaqudgha
Makhleb
Nemelex Xobeh
Okawaru
Qazlal
Ru
Sif Muna
Trog
Uskayaw
Vehumet
Wu Jian
Xom
Yredelemnul
Zin
The Shining One

Shops:
D:4 :   D:9 :

Annotations:
D:12 Fannar, Rupert


Innate Abilities, Weirdness & Mutations

((You reflexively headbutt those who attack you in melee.))
((You have a pair of horns on your head.))


Message History

Rupert is severely wounded.
You block the ice beast's attack. Rupert barely misses you.
You puncture Rupert!
Rupert is severely wounded.
Rupert hits you with a battleaxe of freezing!
Rupert freezes you. You block the ice beast's attack.
You turn into a tree.
Your +2 cloak of poison resistance melds into your body.
Your +0 pair of gloves melds into your body.
Your +2 plate armour of magic resistance melds into your body.
You feel less resistant to hostile enchantments.
Your roots penetrate the ground.
Rupert hits you with a battleaxe of freezing!!
* * * LOW HITPOINT WARNING * * *
Rupert freezes you.
* * * LOW HITPOINT WARNING * * *
You block the ice beast's attack.
You feel better.
Rupert hits you with a battleaxe of freezing!!
You die...

.......###...##Y....... #..
.............##........(..
#..
......(.###..##............
#.. ........#
#..##......(.......##..
........#
#..##..............##..
........#
#..##..............##..
........#
#..##..............##..
........#
#..##(Y@...........##..
........#
#..##.♣............##..
........#
#..##..............##.. ..
#..##..............##..
...###..##..................
...>....##.........##.......
.....@.............##..###..
.......<...........##..# #..
.............#####.##..# #..
.............# #.##..# #..


You could see Rupert (berserk) and an ice beast.

Vanquished Creatures
  Snorg (D:10)
  2 two-headed ogres
  The ghost of grerr the Zephyrmancer, a novice TeAE of Vehumet (D:8)
  Pikel (D:5)
  A centaur zombie (D:12)
  A gargoyle (D:8)
  2 trolls
  A hornet (D:8)
  Prince Ribbit (D:5)
  A hippogriff (D:8)
  4 slime creatures (D:12)
  Sigmund (D:2)
  A wyvern (D:11)
  A human (D:9)
  2 hogs (D:9)
  Eustachio (D:6)
  2 hungry ghosts
  2 yaks (D:9)
  A soldier ant (D:12)
  A water moccasin (D:7)
  Duvessa (D:4)
  A slave (D:5)
  14 orc warriors
  An ice beast (D:6)
  A black bear (D:12)
  5 sky beasts
  3 phantoms
  A necrophage (D:9)
  12 centaurs
  3 ogres
  2 wolves (D:9)
  3 big kobolds
  5 bullfrogs
  Dowan (D:4)
  3 scorpions
  5 wights (D:11)
  4 electric eels (D:9)
  3 howler monkeys
  5 crimson imps
  2 jellies
  5 orc priests
  13 hounds
  5 iguanas
  Terence (D:2)
  4 worker ants
  7 orc wizards
  6 big kobold zombies (Ossuary)
  A hound zombie (D:11)
  A hound skeleton (D:10)
  2 howler monkey zombies
  2 mummies
  2 worker ant zombies
  A gnoll (D:6)
  16 adders
  5 river rats (Sewer)
  3 shadow imps
  An adder zombie (D:8)
  An adder skeleton (D:7)
  3 worms
  A dart slug (D:1)
  5 leopard geckos
  47 orcs
  2 spectral bats (Ossuary)
  4 ball pythons
  8 bats
  5 giant cockroaches
  6 gnoll zombies (Ossuary)
  9 goblins
  13 hobgoblins
  8 jackals
  19 kobolds
  7 quokkas
  3 bat simulacra (Ossuary)
  12 frilled lizards
  A giant cockroach zombie (D:5)
  6 goblin simulacra (Ossuary)
  3 goblin zombies (Ossuary)
  6 hobgoblin zombies
  2 kobold simulacra (Ossuary)
  3 kobold zombies (Ossuary)
  A leopard gecko skeleton (D:6)
  8 orc zombies
  2 quokka skeletons
  12 rats
  A rat simulacrum (Ossuary)
  4 spectral goblins (Ossuary)
  5 spectral kobolds (Ossuary)
  A spectral rat (Ossuary)
386 creatures vanquished.

Notes
Turn   | Place    | Note
-------+----------+-------------------------------------------
     0 | D:1      | MalkierKing the Minotaur Fighter began the quest for the Orb.
     0 | D:1      | Reached XP level 1. HP: 19/19 MP: 0/0
   159 | D:1      | Reached XP level 2. HP: 18/27 MP: 1/1
   698 | D:2      | Reached XP level 3. HP: 31/33 MP: 2/2
   860 | D:2      | Reached XP level 4. HP: 41/41 MP: 3/3
   916 | D:2      | Noticed Sigmund
   966 | D:2      | Killed Sigmund
   966 | D:2      | Reached skill level 1 in Dodging
   966 | D:2      | Reached XP level 5. HP: 13/47 MP: 4/4
  1199 | D:2      | Found a sparkling altar of Nemelex Xobeh.
  1412 | D:2      | Noticed Terence
  1425 | D:2      | Killed Terence
  1425 | D:2      | Reached skill level 5 in Shields
  1425 | D:2      | Reached XP level 6. HP: 46/53 MP: 5/5
  1854 | D:3      | Found a glowing drain.
  1859 | D:3      | Reached skill level 5 in Axes
  1870 | Sewer    | Entered a sewer
  2008 | Sewer    | Reached skill level 5 in Armour
  2297 | D:3      | Found an ancient bone altar of Kikubaaqudgha.
  3089 | D:4      | Noticed Duvessa
  3090 | D:4      | Noticed Dowan
  3101 | D:4      | Killed Duvessa
  3101 | D:4      | Reached skill level 5 in Fighting
  3101 | D:4      | Reached XP level 7. HP: 38/61 MP: 6/6
  3110 | D:4      | Killed Dowan
  3180 | D:4      | Found Foceh's Book Boutique.
  3242 | D:4      | Found a staircase to the Ecumenical Temple.
  3242 | D:4      | Noticed a hungry ghost
  3252 | D:4      | Killed a hungry ghost
  3262 | Temple   | Entered the Ecumenical Temple
  3285 | Temple   | Became a worshipper of Makhleb the Destroyer
  3600 | D:5      | Entered Level 5 of the Dungeon
  3920 | D:5      | Found a sand-covered staircase.
  3930 | Ossuary  | Entered an ossuary
  3963 | Ossuary  | Reached * piety under Makhleb
  4038 | Ossuary  | Reached XP level 8. HP: 69/69 MP: 7/7
  4193 | Ossuary  | Reached ** piety under Makhleb
  4360 | D:5      | Noticed Pikel
  4719 | D:5      | Got a steaming trident
  4726 | D:5      | Identified the +8 trident of Eternal Vigilance {pain, rF+ rC++} (You found it on level 5 of the Dungeon)
  4776 | D:5      | Killed Pikel
  5152 | D:6      | Noticed Prince Ribbit
  5170 | D:5      | Killed Prince Ribbit
  5170 | D:5      | Reached XP level 9. HP: 41/78 MP: 8/8
  5557 | D:6      | Reached *** piety under Makhleb
  5646 | D:6      | Noticed Eustachio
  5659 | D:6      | Killed Eustachio
  5665 | D:6      | Found a large runed door.
  5665 | D:6      | Found a large runed door.
  5713 | D:6      | Found a large runed door.
  5713 | D:6      | Found a large runed door.
  5749 | D:6      | Noticed a troll
  5755 | D:6      | Killed a troll
  6582 | D:7      | Reached XP level 10. HP: 86/86 MP: 9/9
  6920 | D:8      | Noticed a gargoyle
  6942 | D:8      | Killed a gargoyle
  7189 | D:8      | Noticed grerr's ghost (novice TeAE)
  7197 | D:8      | Reached skill level 10 in Axes
  7210 | D:8      | Killed grerr's ghost
  7502 | D:8      | Reached **** piety under Makhleb
  7560 | D:8      | Reached skill level 10 in Armour
  7829 | D:8      | Noticed a two-headed ogre
  7837 | D:8      | Killed a two-headed ogre
  7837 | D:8      | Reached skill level 10 in Shields
  7917 | D:9      | Found Gejutoet's Book Emporium.
  7973 | D:9      | Found a flagged portal.
  7979 | Bailey   | Entered a bailey
  8503 | Bailey   | Reached XP level 11. HP: 63/97 MP: 10/10
  8734 | Bailey   | Got a brightly glowing steel amulet
  8743 | Bailey   | Identified the amulet "Haomet" {RegenMP Str+8 Int-5} (You found it in a bailey)
  8955 | D:9      | Found a staircase to the Lair.
  9206 | D:9      | Reached ***** piety under Makhleb
  9291 | D:9      | Found an opulent altar of Gozag.
 10045 | D:10     | Entered Level 10 of the Dungeon
 10197 | D:10     | Found a staircase to the Orcish Mines.
 10326 | D:10     | Noticed Snorg
 10360 | D:10     | Killed Snorg
 10950 | D:11     | Noticed a two-headed ogre
 10958 | D:12     | Noticed Fannar
 10963 | D:12     | Noticed a two-headed ogre
 11038 | D:12     | Reached skill level 1 in Invocations
 11199 | D:12     | Noticed Rupert
 11247 | D:11     | Killed a two-headed ogre
 11713 | D:12     | Reached skill level 10 in Fighting
 11813 | D:12     | Slain by Rupert

Skill      XL: |  1  2  3  4  5  6  7  8  9 10 11 |
---------------+----------------------------------+-----
Fighting       | 4 5 6 7 9 10 | 10.0
Shields        | 4 5 6 7 9 10 11 | 11.9
Armour         | 4 5 6 7 9 10 11 | 11.7
Axes           | 3 4 6 7 9 10 11 | 11.8
Dodging        | 1 2 3 4 |  4.9
Invocations    | 2 |  2.3

Action                   |  1- 3 |  4- 6 |  7- 9 | 10-12 || total
-------------------------+-------+-------+-------+-------++-------
Melee: War axe           |    59 |   158 |   211 |       ||   428
       Headbutt          |    11 |    27 |    63 |    77 ||   178
       Trident           |       |       |   140 |   472 ||   612
Throw: Javelin           |       |       |       |     7 ||     7
Evoke: Wand              |       |       |       |     1 ||     1
  Use: Scroll            |       |     5 |     3 |    10 ||    18
       Potion            |       |       |     1 |     5 ||     6
  Eat: Chunk             |       |     7 |    10 |    13 ||    30
       Ration            |       |       |     1 |     1 ||     2
Armor: Scale mail        |    35 |    45 |   120 |       ||   200
       Plate armour      |       |       |    21 |   114 ||   135
       Crystal plate arm |       |       |       |   107 ||   107
       Skin              |       |       |       |     4 ||     4
Dodge: Dodged            |    36 |    36 |   108 |   106 ||   286
Block: Shield            |    31 |    82 |   181 |   319 ||   613
